 Dungeon Crawl Stone Soup version 0.21-a0-140-g479285b (webtiles) character file.

91 Gorglomux the Skirmisher (level 4, -1/41 HPs)
             Began as a Hill Orc Ice Elementalist on July 21, 2017.
             Slain by a gnoll
             ... wielding a +0 flail of crushing
              (2 damage)
             ... on level 2 of the Dungeon.
             The game lasted 00:04:14 (2654 turns).

Gorglomux the Skirmisher (HOIE)                     Turns: 2654, Time: 00:04:15

Health: -1/41      AC: 10    Str: 11    XL:     4   Next: 59%
Magic:  6/6        EV: 12    Int: 15    God:
Gold:   85         SH:  3    Dex: 11    Spells: 5/6 levels left

rFire    . . .     SeeInvis .   d - +2 mace (protect)
rCold    . . .     Gourm    .   (no shield)
rNeg     . . .     Faith    .   a - +0 robe
rPois    .         Spirit   .   (no helmet)
rElec    .         Reflect  +   (no cloak)
rCorr    .         Harm     .   F - +0 pair of gloves
MR       .....                  (no boots)
Stlth    ++........             E - +3 amulet of reflection
HPRegen  0.13/turn              (no ring)
MPRegen  0.10/turn              (no ring)

@: protection aura
A: no striking features
a: no special abilities


You were on level 2 of the Dungeon.
You were not hungry.

You visited 1 branch of the dungeon, and saw 2 of its levels.

You collected 85 gold pieces.

Inventory:

Hand Weapons
 d - a +2 mace of protection (weapon)
Missiles
 h - 2 javelins (quivered)
Armour
 a - a +0 robe (worn)
 F - a +0 pair of gloves (worn)
Jewellery
 E - a +3 amulet of reflection (around neck)
Wands
 D - a wand of digging (12/24)
Scrolls
 g - a scroll of teleportation {unknown}
 l - 3 scrolls of remove curse {unknown}
 q - a scroll of immolation {unknown}
 H - a scroll of identify {unknown}
Potions
 j - a potion of curing {unknown}
 k - a potion of degeneration {unknown}
 n - a potion of lignification {unknown}
 o - a potion of cancellation {unknown}
 p - a potion of haste {unknown}
Books
 b - a book of Frost

   Spells                             Type                      Level
   a - Freeze                         Ice                          1
   b - Throw Frost                    Conjuration/Ice              2
   c - Ozocubu's Armour               Charms/Ice                   3
   d - Throw Icicle                   Conjuration/Ice              4
   e - Summon Ice Beast               Ice/Summoning                4
Comestibles
 c - 2 bread rations
 z - a meat ration
 G - 5 chunks of flesh


   Skills:
 + Level 4.6 Fighting
 - Level 1.0 Armour
 - Level 1.5 Dodging
 - Level 1.5 Stealth
 - Level 1.5 Spellcasting
   Level 1.0 Conjurations
 - Level 2.6 Ice Magic


You had 5 spell levels left.
You knew the following spells:

 Your Spells              Type           Power        Failure   Level  Hunger
a - Freeze                Ice            #...         8%          1    ##.....


Dungeon Overview and Level Annotations

Branches:
Dungeon (2/15)

Altars:
Hepliaklqana


Message History

You butcher the gnoll corpse!
G - 5 chunks of flesh (gained 4)
You see here a spear!
Butt start butt!
A gnoll butts nearby!!!
You flatten the gnoll but do no damage!
Your weapon exudes an butt of protection!
The gnoll hits you with a flail of crushing!
You hammer the butt like a butt!
The gnoll is butt-ly butt!
The gnoll hits you but does no damage!
You hammer the gnoll like a gong!
The gnoll is heavily wounded!
The gnoll hits you with a flail of crushing!!! * * * don't die * * * x2
You flatten the gnoll like a pancake!!!
The gnoll is almost dead!
The gnoll hits you with a flail of crushing! * * * don't die * * * rip

.......##...........##.# #.....
.......#.........##.##.# ######
.......#.........##.##.# #
.......#..........#....# #
.......#.(........###############
#................................
#.#.#############....############
#.#..# #.......#.##.#
####.#####......@..#.#
.........######g#.##.#
.###.....#..# #.#.##.#
.###.##..##.# #.#.##.#
.##...#..##.# #.#.##.#
...g_g...g..# #)#.##.#
..#...##.#..###.#.##.#
..##.###.#...##)#.##.#
.....###.#...'..#.##.#


You could see a gnoll.

Vanquished Creatures
  2 gnolls (D:2)
  An adder (D:2)
  3 worms (D:2)
  A dart slug (D:1)
  2 leopard geckos
  3 giant cockroaches
  5 hobgoblins
  12 jackals
  A quokka (D:2)
  4 bats (D:1)
  4 frilled lizards (D:1)
  5 goblins
  7 rats
50 creatures vanquished.

Notes
Turn   | Place    | Note
-------+----------+-------------------------------------------
     0 | D:1      | Gorglomux the Hill Orc Ice Elementalist began the quest for the Orb.
     0 | D:1      | Reached XP level 1. HP: 14/14 MP: 3/3
    89 | D:1      | Reached skill level 1 in Fighting
    99 | D:1      | Reached XP level 2. HP: 10/23 MP: 0/4
   297 | D:1      | Reached skill level 1 in Armour
   731 | D:1      | Reached skill level 2 in Fighting
  1151 | D:1      | Reached XP level 3. HP: 29/30 MP: 5/5
  1266 | D:1      | Reached skill level 3 in Fighting
  1460 | D:1      | You fall through a shaft!
  1608 | D:2      | Found a hazy altar of Hepliaklqana.
  1942 | D:2      | Reached XP level 4. HP: 27/40 MP: 6/6
  2153 | D:2      | Reached skill level 4 in Fighting
  2654 | D:2      | HP: 1/41 [gnoll/flail of crushing (5)]
  2654 | D:2      | Slain by a gnoll

Vault maps used:
D:1:      moated_graveyard_arrival
D:2:      nicolae_overflow_crystal_walls

Skill      XL: |  1  2  3  4 |
---------------+-------------+-----
Fighting       | 1 2 3 4 |  4.6
Armour         | 1 |  1.0
Dodging        | |  1.5
Stealth        | |  1.5
Spellcasting   | |  1.5
Conjurations   | |  1.0
Ice Magic      | |  2.6

Action                   |  1- 3 |  4- 6 || total
-------------------------+-------+-------++-------
Melee: Mace              |   130 |    31 ||   161
Throw: Javelin           |     2 |       ||     2
 Cast: Freeze            |    14 |    11 ||    25
 Stab: Sleeping          |     2 |       ||     2
  Eat: Chunk             |     4 |     2 ||     6
Armor: Robe              |    46 |    20 ||    66
Dodge: Dodged            |   119 |    27 ||   146
Block: Other             |       |     3 ||     3
